AoeStats
← Gorp

Arabia

503252728Analyzed
1v1 RM · 1mo ago on Aug 30, 2026· 29m 33s· 2 players
Game mode
Random Map
Map size
Tiny (2 player)
Population
200
Speed
Normal
Resources
Standard
Victory
Conquest
Starting age
Dark Age
Ending age
Imperial Age
RankedLock teamsTeams togetherTeam positionsShared explorationLock speedFull tech treeHidden civsTurbo modeCheats
Victory
Defeat
🇨🇦 Wu · Canada
515
+18
🇦🇷 Aztecs · Argentina
566
-18
Gorp
4:50 Loom
10:51 Feudal Age
11:48 Double-Bit Axe
18:26 Castle Age
18:12 Fletching
19:44 Bow Saw
19:42 Bodkin Arrow
19:17 Man-at-Arms
21:46 Wheelbarrow
20:58 Crossbowman
23:27 Horse Collar
27:10 Padded Archer Armor
Leptus1634
9:24 Loom
11:10 Feudal Age
14:36 Double-Bit Axe
15:20 Man-at-Arms
16:13 Forging
16:41 Arson
21:17 Fletching
22:30 Padded Archer Armor
24:00 Wheelbarrow
27:19 Castle Age
25:34 Town Watch
28:43 Bodkin Arrow
29:04 Leather Archer Armor
29:19 Squires
29:58 Iron Casting
29:57 Bow Saw
Connection lost

Rejoining the realm…

Still unreachable

The connection could not be restored.

Session expired

The server has moved on; the page needs a fresh start.